[Event "*** SCC Grand Prix: Titled Tuesday Blitz"]
[Site "Chess.com"]
[Date "2020.09.08"]
[Round "4"]
[White "alejogarcia1999"]
[Black "GregShahade"]
[Result "0-1"]
[WhiteElo "2362"]
[BlackElo "2599"]
[TimeControl "180+1"]
[EndTime "10:40:41 PDT"]
[Termination "GregShahade won by resignation"]

1. Nf3 Nf6 2. g3 g6 3. Bg2 Bg7 4. O-O O-O 5. c4 d5 6. cxd5 Nxd5 7. Nc3 Nb6 8. b3 a5 9. Bb2 Nc6 10. Qc1 a4 11. Rd1 axb3 12. axb3 Be6 13. Rxa8 Qxa8 14. Nb5 Bxb3 15. Bxg7 Bxd1 16. Bxf8 Bxe2 17. Nfd4 Bxb5 18. Nxb5 Kxf8 19. Nxc7 Qd8 20. Nb5 Kg8 21. Bxc6 bxc6 22. Qxc6 Nd5 23. d4 h5 24. h4 Nf6 25. Qc5 Qd7 26.
Nc3 Qe6 27. Kg2 Qb3 28. Qxe7 Ng4 29. Qc5 Qe6 30. d5 Qf6 31. d6 Ne5 32. Qd4 Qf3+ 33. Kg1 Qf5 34. Kg2 Qf3+ 35. Kf1 Qh1+ 36. Ke2 Qf3+ 37.
Kd2 Qf5 38. f4 Nf3+ 39. Ke3 Nxd4 40. Kxd4 Kf8 41. Ne4 Ke8 42. Ke3 Kd8 43. Kd4 Qe6 44. Ke3 Qb3+ 45. Kd4 Qb2+ 46. Kd5 Qg2 47. Ke5 f5 48.
Ng5 Qxg3 49. Kf6 Qxh4 50. Kxg6 Kd7 51. Kxf5 Kxd6 52. Ne4+ Ke7 53. Ng5 Qg4+ 54. Kg6 h4 55.
f5 Qf4 56. f6+ Qxf6+ 57. Kh5 Qxg5+ 58. Kxg5 h3 59. Kg4 h2 60. Kg3 h1=Q 61. Kg4 Qf1 0-1

[Event "*** SCC Grand Prix: Titled Tuesday Blitz"]
[Site "Chess.com"]
[Date "2020.09.08"]
[Round "4"]
[White "Zavgorodniy_Serg"]
[Black "OhanyanEminChess"]
[Result "1-0"]
[WhiteElo "2803"]
[BlackElo "2526"]
[TimeControl "180+1"]
[EndTime "10:40:43 PDT"]
[Termination "Zavgorodniy_Serg won by resignation"]

1. e4 e5 2. Nf3 Nc6 3. Bb5 f5 4. d3 fxe4 5. dxe4 Nf6 6. Bg5 Bc5 7.
Nc3 d6 8. Bc4 Bg4 9. Qd3 h6 10.
Bxf6 Qxf6 11. Nd5 Qd8 12. h3 Bh5 13. Qb3 Na5 14. Qa4+ c6 15. b4 Nxc4 16. bxc5 Nb2 17.
Qb3 cxd5 18. Qxb2 dxe4 19. Nd2 O-O 20. O-O Bg6 21. cxd6 Qxd6 22. Nc4 Qc5 23. Nxe5 Bf5 24. Rad1 Rae8 25. Nd7 Bxd7 26. Rxd7 Re7 27. Qxb7 Rxd7 28. Qxd7 Qxc2 29. Qxa7 Qe2 30. a4 Qa2 31. a5 Rf5 32. Qa8+ Rf8 33. Qa7 Rf5 34. a6 Rf6 35. Qa8+ Rf8 36.
Qb7 Rf7 37. Qb8+ Rf8 38. a7 e3 39. fxe3 Re8 40. Rb1 Kh7 41. Qxe8 Qxa7 42. Qe4+ Kh8 43.
Rb7 Qa1+ 44. Kh2 Qa8 45. Re7 Qb8+ 46. Qe5 Qb2 47. Re8+ Kh7 48. Qxb2 1-0

[Event "*** SCC Grand Prix: Titled Tuesday Blitz"]
[Site "Chess.com"]
[Date "2020.09.08"]
[Round "4"]
[White "evgenyermolaev"]
[Black "paulrusan"]
[Result "1-0"]
[WhiteElo "2445"]
[BlackElo "2260"]
[TimeControl "180+1"]
[EndTime "10:40:44 PDT"]
[Termination "evgenyermolaev won on time"]

1. d4 Nf6 2. Nc3 d5 3. Bf4 c6 4. Nf3 Bf5 5. e3 Nbd7 6. Ne5 Nxe5 7. dxe5 Ne4 8. Ne2 e6 9. h4 h5 10. Nd4 Bg6 11. Bd3 Be7 12. g3 a6 13. f3 Nc5 14.
Bxg6 fxg6 15. b4 Nd7 16. a3 Kf7 17. Qd3 Nb6 18. Nxe6 Kxe6 19. Qxg6+ Kd7 20. e6+ Kc8 21. O-O Bf6 22. Rad1 Qe7 23. e4 a5 24. e5 axb4 25.
exf6 gxf6 26. axb4 Nc4 27. Rfe1 b5 28. Qf7 Ra7 29.
Qg6 Kb7 30. Bh6 Raa8 31. Bg7 Rhg8 32. Bxf6 Rxg6 33. Bxe7 Re8 34. Bg5 Rgxe6 35. Rxe6 Rxe6 36. Kf2 Nd6 37. g4 Nf7 38. Kg3 hxg4 39. fxg4 Ne5 40. Re1 Kc7 41. Rxe5 Rxe5 42. Bf4 Kd6 43. h5 Ke6 44.
Bxe5 Kxe5 45. g5 Kf5 46. h6 Kg6 47. Kf4 d4 48. Ke4 Kxg5 49. h7 Kg4 50. h8=Q 1-0

[Event "*** SCC Grand Prix: Titled Tuesday Blitz"]
[Site "Chess.com"]
[Date "2020.09.08"]
[Round "4"]
[White "ARTHURMOTIVATOR"]
[Black "Lion-Al-Messi"]
[Result "1-0"]
[WhiteElo "2352"]
[BlackElo "2543"]
[TimeControl "180+1"]
[EndTime "10:40:46 PDT"]
[Termination "ARTHURMOTIVATOR won by checkmate"]

1. e4 e6 2. b3 d5 3. Bb2 dxe4 4. Nc3 Nf6 5. Qe2 Nc6 6. O-O-O Nd4 7. Qe1 Be7 8. Nge2 Nf5 9. Ng3 O-O 10. Ncxe4 b6 11. d4 Bb7 12. Bd3 Nd5 13. Nc3 Bb4 14. Bxf5 Qg5+ 15.
Kb1 exf5 16. h4 Qg6 17. Nxd5 Bxd5 18. Qxb4 f4 19. h5 Qg4 20. Rd3 fxg3 21. Rxg3 Qe6 22.
Ka1 h6 23. c4 a5 24. Qc3 Bxg2 25. d5 f6 26. dxe6 Bxh1 27. e7 Rf7 28. Qe1 Bc6 29. Qe3 Re8 30. Qxh6 Rexe7 31. a4 Re1+ 32. Ka2 Re2 33. Qf4 Be4 34. h6 g5 35. Qg4 Re1 36.
f4 Bb1+ 37. Ka3 b5 38. cxb5 Bg6 39. fxg5 Re4 40. Qc8+ Rf8 41. Qxc7 Rf7 42. Qc8+ Rf8 43. Qb7 Rf7 44. Qb8+ Rf8 45. Qd6 Re5 46. gxf6 Rg5 47.
Rxg5 Kh8 48. Rxg6 Rf7 49. Qd8+ Kh7 50. Qg8# 1-0

[Event "*** SCC Grand Prix: Titled Tuesday Blitz"]
[Site "Chess.com"]
[Date "2020.09.08"]
[Round "4"]
[White "ChelsieMonica"]
[Black "esrosenberg"]
[Result "1-0"]
[WhiteElo "2423"]
[BlackElo "2246"]
[TimeControl "180+1"]
[EndTime "10:40:46 PDT"]
[Termination "ChelsieMonica won by checkmate"]

1. e4 e5 2. Nf3 Nc6 3. Bb5 a6 4.
Bxc6 dxc6 5. O-O f6 6. d3 Bg4 7. h3 Bh5 8. Be3 Bd6 9. Nbd2 Qd7 10. Qe1 Ne7 11. Nh2 O-O-O 12. f4 exf4 13. Bxf4 Bxf4 14.
Rxf4 Rhe8 15. Nb3 Qd6 16. Rf2 Bf7 17. Nf3 Kb8 18. Qc3 Ng6 19. Nfd4 c5 20. Nf5 Qe5 21. Nxg7 Rg8 22. Qxe5 Nxe5 23. Nf5 b6 24. Nh6 Rg6 25. Nxf7 Nxf7 26. Nd2 Rdg8 27. Kh2 Rh6 28. Raf1 Ne5 29. Rf4 Ng4+ 30. Kh1 Ne3 31. R1f2 Nd1 32. R2f3 Rgg6 33. Nc4 b5 34. Ne3 Nxb2 35. Ng4 Rh4 36. Nxf6 Rxf4 37. Rxf4 c4 38. Nd7+ Kb7 39. d4 Rd6 40. Nc5+ Kb6 41. e5 Rd5 42. e6 Rd8 43. e7 Re8 44. Re4 Kc6 45. Nxa6 Kd6 46. d5 Nd1 47. Re6+ Kd7 48. Nc5+ Kc8 49. Kg1 Nc3 50. Rf6 Nxd5 51. Rf8 Kb8 52.
Rxe8+ Ka7 53. Ra8+ Kxa8 54. e8=Q+ Ka7 55. Qc6 Nb6 56.
Qb7# 1-0

[Event "*** SCC Grand Prix: Titled Tuesday Blitz"]
[Site "Chess.com"]
[Date "2020.09.08"]
[Round "4"]
[White "penguingm1"]
[Black "GM_LOADING"]
[Result "1-0"]
[WhiteElo "2953"]
[BlackElo "2547"]
[TimeControl "180+1"]
[EndTime "10:40:48 PDT"]
[Termination "penguingm1 won on time"]

1. d4 Nf6 2. c4 e6 3. Nc3 Bb4 4. Qc2 Nc6 5. Nf3 d6 6. Bd2 e5 7. a3 Bxc3 8. Bxc3 Qe7 9. d5 Nb8 10.
e3 O-O 11. Bd3 a5 12. O-O a4 13. Nd2 Nbd7 14. Rae1 Re8 15. f4 exf4 16. Rxf4 Ne5 17. Bf5 Bxf5 18. Qxf5 Nfd7 19. Ref1 Rf8 20. Qh3 Rae8 21.
Ne4 Ng6 22. Qg3 f6 23. Nd2 Nxf4 24. exf4 Qe3+ 25. Qf2 Qxf2+ 26. Kxf2 Nc5 27. Kf3 Re7 28. Bd4 Rfe8 29. Rd1 Ne4 30. Nb1 Nc5 31. Nc3 b6 32.
Bxc5 bxc5 33. Nxa4 Re3+ 34. Kg4 Re2 35. g3 Rxh2 36.
b4 Re3 37. bxc5 g6 38. f5 Kg7 39. Kf4 Rb3 40. fxg6 Rxa3 41. cxd6 cxd6 42. Nb6 hxg6 43.
Nc8 Rf2+ 44. Ke4 f5+ 45. Kd4 Rff3 46. Nxd6 Rxg3 47. Kc5 Kf6 48. Nb5 Rae3 49. d6 Rd3 50. Re1 Rge3 51. Rh1 Re5+ 52. Kc6 Rde3 53. Nc7 Re6 54.
Nd5+ Ke5 55. Nxe3 Kd4 56. Nd5 1-0

[Event "*** SCC Grand Prix: Titled Tuesday Blitz"]
[Site "Chess.com"]
[Date "2020.09.08"]
[Round "4"]
[White "nau64"]
[Black "MathiasWomacka"]
[Result "0-1"]
[WhiteElo "2295"]
[BlackElo "2419"]
[TimeControl "180+1"]
[EndTime "10:40:48 PDT"]
[Termination "MathiasWomacka won on time"]

1. d4 Nf6 2. c4 e6 3. Nc3 Bb4 4. Nf3 c5 5. g3 cxd4 6. Nxd4 O-O 7. Bg2 d5 8. O-O dxc4 9. Bg5 h6 10. Bf4 a6 11.
Nc2 Bxc3 12. bxc3 Nd5 13. Bd2 Nc6 14. e4 Nf6 15. a4 e5 16. Be3 Bg4 17. f3 Be6 18.
Bc5 Qxd1 19. Rfxd1 Rfd8 20. Ne3 Nd7 21. Bd6 Rac8 22. a5 Na7 23. Be7 Re8 24. Bb4 Nb5 25. Bf1 Red8 26. Be7 Re8 27. Bb4 f6 28. Nd5 Kf7 29.
Kf2 Nb8 30. Nb6 Rcd8 31. Bxc4 Bxc4 32. Nxc4 Rc8 33. Nd6+ Nxd6 34. Rxd6 Nc6 35. Rad1 Nxb4 36. cxb4 Rc2+ 37. R1d2 Rxd2+ 38. Rxd2 Ke7 39. Ke3 Rc8 40. Kd3 Rd8+ 41. Kc3 Rxd2 42. Kxd2 Kd6 43. Kd3 Kc6 44. Kc4 h5 45. h4 g6 46. Kc3 g5 47. Kc4 Kd6 48.
b5 gxh4 49. gxh4 Kd7 0-1

[Event "*** SCC Grand Prix: Titled Tuesday Blitz"]
[Site "Chess.com"]
[Date "2020.09.08"]
[Round "4"]
[White "Infernal_XaM"]
[Black "Taron_Shagbazyan"]
[Result "1-0"]
[WhiteElo "2908"]
[BlackElo "2677"]
[TimeControl "180+1"]
[EndTime "10:40:49 PDT"]
[Termination "Infernal_XaM won by checkmate"]

1. d4 Nf6 2. c4 e6 3. Nc3 Bb4 4.
e3 O-O 5. Ne2 d5 6. a3 Be7 7.
cxd5 exd5 8. g3 c6 9. Bg2 a5 10.
O-O Na6 11. f3 c5 12. g4 cxd4 13. exd4 Nc7 14. g5 Nfe8 15. f4 Kh8 16. Qd3 f6 17. g6 Nd6 18. f5 Bxf5 19. Rxf5 Nxf5 20. Qxf5 Qe8 21. Nf4 Bd6 22. Qh3 h6 23. Bd2 Bxf4 24. Bxf4 Ne6 25. Bxh6 Qxg6 26. Be3+ Qh7 27. Qxe6 Rfe8 28.
Qg4 Rxe3 29. Nxd5 Rb3 30. Ne7 g5 31. Qe6 Rxb2 32. Qxf6+ Qg7 33. Qxg7+ Kxg7 34. Rd1 Re8 35. Nf5+ Kf6 36. Ng3 Rb3 37. a4 Rb4 38. Ne4+ Kg6 39. Nd6 Re7 40. d5 Rxa4 41. Nc8 Rc7 42. Nb6 Rg4 43. h3 Rb4 44. d6 Rf7 45. d7 Rf8 46. Nd5 Rb2 47. Nc7 Rd8 48. Ne6 Rxd7 49. Rxd7 b5 50. Nd4 a4 51. Rd6+ Kg7 52. Nf5+ Kf7 53.
Bd5+ Ke8 54. Be6 a3 55. Ra6 Re2 56. Ra8# 1-0

[Event "*** SCC Grand Prix: Titled Tuesday Blitz"]
[Site "Chess.com"]
[Date "2020.09.08"]
[Round "4"]
[White "Artem_Sadovsky"]
[Black "Alexander_Moskalenko"]
[Result "0-1"]
[WhiteElo "2520"]
[BlackElo "2794"]
[TimeControl "180+1"]
[EndTime "10:40:49 PDT"]
[Termination "Alexander_Moskalenko won by resignation"]

1. Nf3 d5 2. c4 c6 3. b3 Bg4 4. e3 e6 5. Bb2 Nf6 6. Be2 Nbd7 7. O-O Bd6 8. h3 Bh5 9. d4 O-O 10. Nbd2 a5 11. Ne5 Bxe2 12. Qxe2 Qe7 13. f4 a4 14. c5 Bc7 15. b4 Ne4 16. Nxe4 dxe4 17.
a3 Nf6 18. Nc4 Nd5 19. f5 exf5 20. Rxf5 g6 21. Rff1 f5 22. Rae1 Qg5 23. Ne5 Rad8 24. Qf2 Ne7 25. h4 Qh6 26. Qg3 Qh5 27. Rf2 Rd5 28.
Ref1 Kg7 29. Qf4 Kg8 30. g4 Qxh4 31. Rh2 Qf6 32. g5 Qe6 33. Qh4 Rf7 34. Nxf7 Bxh2+ 35. Qxh2 Qxf7 36. Qb8+ Qf8 37. Qxb7 Kf7 38. b5 Qe8 39. bxc6 Qxc6 40. Qxc6 Nxc6 41. Bc3 Rd8 42. Rb1 Ke6 43. Rb7 Rd7 44. Rb6 Kd5 45. Ra6 Rb7 46. Rxa4 Rb3 47.
Bd2 Rd3 48. Be1 Rxe3 49. Bf2 Rc3 50. Ra8 e3 51. Be1 Rc1 52. Kf1 Nxd4 53. Rd8+ Ke4 54. a4 Nf3 55. Re8+ Kd3 56. c6 Nxe1 57. c7 Nf3+ 58. Kg2 Nh4+ 59. Kg3 Rxc7 60. Rd8+ Ke2 61. Rc8 0-1

[Event "*** SCC Grand Prix: Titled Tuesday Blitz"]
[Site "Chess.com"]
[Date "2020.09.08"]
[Round "4"]
[White "JoliyRoger"]
[Black "NikolaGry"]
[Result "1-0"]
[WhiteElo "2406"]
[BlackElo "2601"]
[TimeControl "180+1"]
[EndTime "10:40:50 PDT"]
[Termination "JoliyRoger won by checkmate"]

1. Nf3 c5 2. c4 b6 3. Nc3 Bb7 4. e3 e6 5. d4 cxd4 6. exd4 Nf6 7. Bd3 d6 8. O-O Be7 9. Qe2 O-O 10. b3 Nbd7 11.
Bb2 Rc8 12. Rad1 Re8 13. Rfe1 Qc7 14. h4 Qb8 15. Ng5 Nf8 16. h5 h6 17. Nge4 N8d7 18.
Ng3 d5 19. Nb1 Qa8 20. Qf1 a6 21. Nd2 Bd6 22. Bb1 Qb8 23. Qd3 Nf8 24. a3 Bxg3 25. fxg3 Nxh5 26. Nf1 Nf6 27. Qe2 dxc4 28. bxc4 Qc7 29.
Bd3 N8h7 30. Bc1 Ng5 31. Bf4 Qe7 32. Be5 Rcd8 33. a4 Bc6 34. Bc2 Nd7 35. Bf4 Nf8 36. Ne3 Ngh7 37. Ng4 f5 38. Ne5 Ba8 39. Bb3 g5 40.
Bc1 Kg7 41. Bb2 Nf6 42. d5 exd5 43. cxd5 N8h7 44. Qf2 f4 45. gxf4 Bxd5 46. Bxd5 Rxd5 47. Rxd5 Nxd5 48. Nc6+ Kg6 49. Nxe7+ Nxe7 50. fxg5 Rf8 51.
Qc2+ Nf5 52. Re6+ Kh5 53. Bf6 hxg5 54. Qxf5 Rc8 55. Qxh7+ Kg4 56. Qh3+ Kf4 57. Qf3# 1-0

[Event "*** SCC Grand Prix: Titled Tuesday Blitz"]
[Site "Chess.com"]
[Date "2020.09.08"]
[Round "4"]
[White "Sankalp_Gupta2003"]
[Black "MustafayevFarid2004"]
[Result "0-1"]
[WhiteElo "2728"]
[BlackElo "2519"]
[TimeControl "180+1"]
[EndTime "10:40:51 PDT"]
[Termination "MustafayevFarid2004 won by resignation"]

1. e4 c6 2. Nf3 d5 3. Nc3 Bg4 4. Be2 e6 5. h3 Bxf3 6. Bxf3 Nd7 7. d3 Ngf6 8. g3 Be7 9. Bg2 O-O 10. O-O dxe4 11. dxe4 Nc5 12. Qe2 e5 13. a4 Ne6 14.
Be3 Bc5 15. Rfd1 Qe7 16. Rd2 Bxe3 17. Qxe3 Nd4 18. Ne2 Nxe2+ 19. Qxe2 Rfd8 20. Rad1 Rxd2 21. Qxd2 Kf8 22. Qc3 Ke8 23. b4 Rd8 24. Rxd8+ Kxd8 25. a5 Qd6 26. Qe3 Qd4 27. Qg5 Ke7 28. Qxg7 Qxb4 29.
Qg5 Qxa5 30. f4 Qa1+ 31. Kh2 Ke6 32. Qf5+ Ke7 33. fxe5 Nd7 34. Qg5+ Ke6 35. Qh6+ Kxe5 36.
Qxh7 Qa2 37. h4 Qe6 38. Qh5+ Kd6 39. Qg5 Qf6 40. Qd2+ Ke7 41. Qb4+ Qd6 42. Qxb7 a5 43. Qa7 Qc5 44. Qa8 Nf6 45. Kh3 Qe5 46. Qb7+ Kf8 47. Qxc6 Kg7 48. Qc8 a4 49. Qa8 Qe6+ 50. Kh2 Ng4+ 51.
Kh1 Qc4 52. Qd5 Qxd5 53. exd5 a3 0-1

[Event "*** SCC Grand Prix: Titled Tuesday Blitz"]
[Site "Chess.com"]
[Date "2020.09.08"]
[Round "4"]
[White "guillembaches"]
[Black "QuintilianoR"]
[Result "1-0"]
[WhiteElo "2414"]
[BlackElo "2605"]
[TimeControl "180+1"]
[EndTime "10:40:51 PDT"]
[Termination "guillembaches won on time"]

1. e4 c5 2. Nf3 d6 3. d4 cxd4 4. Nxd4 Nf6 5. Nc3 a6 6. Be2 e5 7.
Nf3 Be7 8. Bg5 Be6 9. Bxf6 Bxf6 10. Nd5 O-O 11. Bc4 Be7 12. O-O Nd7 13. Qe2 Nb6 14.
Nxb6 Qxb6 15. Bb3 Rac8 16. Rfd1 Qc6 17. c3 Bc4 18. Bxc4 Qxc4 19. Qe3 Rc6 20. Rd5 Qa4 21. Ne1 f5 22. exf5 Rxf5 23. a3 Qg4 24. Rad1 Bd8 25. f3 Qg6 26. Qe4 Bb6+ 27. Kf1 Qf6 28. g3 h5 29. Kg2 Bc7 30. Nc2 Qf7 31. Ne3 Rf6 32. R5d2 Bb8 33. Nd5 Re6 34. Rd3 Rc8 35.
b4 Rf8 36. R1d2 g6 37. c4 Kh7 38. Re2 Rfe8 39. Ne3 Rd8 40. Red2 Rf6 41. c5 Re6 42. cxd6 Rexd6 43. Nc4 Rxd3 44. Rxd3 Rxd3 45. Qxd3 Qe6 46. Qe4 Bc7 47. Ne3 b5 48. Nd5 Bd8 49. g4 hxg4 50.
fxg4 Kg7 51. h3 Qc6 52. Qf3 Qd6 53. Qe4 Bg5 54. Qf3 Qc6 55. Kg3 1-0

[Event "*** SCC Grand Prix: Titled Tuesday Blitz"]
[Site "Chess.com"]
[Date "2020.09.08"]
[Round "4"]
[White "r31415"]
[Black "Ole83"]
[Result "1-0"]
[WhiteElo "2461"]
[BlackElo "2351"]
[TimeControl "180+1"]
[EndTime "10:40:51 PDT"]
[Termination "r31415 won on time"]

1. b3 b6 2. Bb2 Bb7 3. Nf3 Nf6 4. e3 e6 5. Be2 Be7 6. O-O O-O 7. c4 c5 8. d4 d6 9. Nbd2 Nbd7 10. Qc2 Rc8 11. Rac1 Rc7 12. Qb1 Qa8 13. Rfd1 Rd8 14. Nf1 Nf8 15. Ng3 Ng6 16. a4 cxd4 17. Bxd4 Rdc8 18. Qa2 d5 19. a5 bxa5 20. Qxa5 dxc4 21. Rxc4 Rxc4 22.
bxc4 a6 23. h4 h6 24. h5 Nf8 25. Ra1 N8d7 26. Ne1 Nc5 27. Qa2 Qb8 28. Rb1 Qc7 29.
Bf3 Bxf3 30. Nxf3 Nfd7 31. Qb2 f6 32. Qc2 Bd6 33. Nf1 e5 34. Ba1 Nf8 35. N3d2 Qf7 36. Ng3 Nfe6 37. Qf5 Rd8 38. Nf3 Bf8 39. Nh4 Ng5 40.
Qg4 Qd7 41. Nhf5 Kh7 42. Kh2 Qd2 43. Kg1 Qc2 44. Rf1 Rd2 45. Nh4 Nd3 46. Qf5+ Kg8 47. Ng6 Qxc4 48. Ne4 Qxe4 49. Qc8 Kh7 50. Nxf8+ 1-0

[Event "*** SCC Grand Prix: Titled Tuesday Blitz"]
[Site "Chess.com"]
[Date "2020.09.08"]
[Round "4"]
[White "Chessdreamer2020"]
[Black "annacramling"]
[Result "0-1"]
[WhiteElo "2367"]
[BlackElo "2147"]
[TimeControl "180+1"]
[EndTime "10:40:51 PDT"]
[Termination "annacramling won by checkmate"]

1. e4 c5 2. Nf3 Nc6 3. Bb5 g6 4. O-O Bg7 5. c3 e5 6. d4 cxd4 7. cxd4 exd4 8. Bf4 Nge7 9. Bd6 O-O 10. Nbd2 Re8 11.
Bc4 h6 12. Re1 Qb6 13. e5 Nf5 14. Bb3 Qd8 15. Nc4 b5 16. Na3 a6 17. Nc2 Nxd6 18. exd6 Bb7 19. Ncxd4 Rxe1+ 20. Qxe1 Nxd4 21. Nxd4 Bxd4 22.
Qd2 Bg7 23. Re1 Qg5 24. Qxg5 hxg5 25. Re7 Rc8 26. h3 Bc6 27. Bxf7+ Kh7 28. b3 Rf8 29. Be8 Kg8 30. Bxd7 Bxd7 31. Rxd7 Bd4 32. Re7 Rxf2 33. Kh2 Rf8 34. d7 Bb6 35. Re6 Bd8 36. Rxg6+ Kf7 37.
Rxa6 Ke7 38. Ra7 Rf6 39. Rb7 Rd6 40. Rxb5 Rxd7 41. Rxg5 Bc7+ 42. Kg1 Rd1+ 43. Kf2 Rd2+ 44. Kf3 Rxa2 45. h4 Ra3 46. Rb5 Ra6 47. g4 Rf6+ 48.
Ke4 Rf4+ 49. Kd3 Rxg4 50. h5 Rh4 51. Rg5 Kd7 52. Rg7+ Kd6 53. Rg6+ Kd7 54. h6 Bd6 55. Rg7+ Be7 56. h7 Ke6 57. Kc3 Bf6+ 58. Kd3 Bxg7 59. b4 Rxh7 60. Kc4 Rh8 61. Kc5 Rb8 62. b5 Bf8+ 63. Kc6 Bd6 64. b6 Be5 65. Kc5 Kd7 66.
Kd5 Bg3 67. Kc5 Bf2+ 68. Kb5 Bxb6 69. Kc4 Kc7 70. Kd5 Rd8+ 71. Ke4 Kc6 72. Kf5 Rd7 73. Kf4 Kd5 74. Kg4 Re7 75. Kg3 Ke5 76. Kf3 Re6 77.
Kg4 Rf6 78. Kg3 Ke4 79. Kh4 Kf4 80. Kh5 Bc5 81. Kh4 Rg6 82. Kh5 Kf5 83. Kh4 Bf2+ 84. Kh3 Kf4 85. Kh2 Kf3 86. Kh1 Rh6# 0-1

[Event "*** SCC Grand Prix: Titled Tuesday Blitz"]
[Site "Chess.com"]
[Date "2020.09.08"]
[Round "4"]
[White "allvim"]
[Black "Yoshikrov"]
[Result "0-1"]
[WhiteElo "2363"]
[BlackElo "2114"]
[TimeControl "180+1"]
[EndTime "10:40:51 PDT"]
[Termination "Yoshikrov won by resignation"]

1. Nf3 d5 2. b3 Nf6 3. e3 g6 4. Bb2 Bg7 5. Be2 O-O 6. O-O c5 7. c4 e6 8. Nc3 Nc6 9. d4 b6 10. a3 Bb7 11. Rc1 Rc8 12. Ne5 dxc4 13. Nxc6 Bxc6 14. bxc4 cxd4 15. exd4 Ne4 16. Nxe4 Bxe4 17.
Re1 Qg5 18. Bf3 Bxf3 19. Qxf3 Rfd8 20. Red1 Rc7 21. Qe3 Qxe3 22. fxe3 Rdc8 23. Rc2 Rxc4 24. Rcd2 Rc2 25. Kf2 Bh6 26. Ke2 Kf8 27. Kd3 Rxd2+ 28. Rxd2 Ke7 29. Bc3 Kd7 30. a4 f6 31. Rf2 Bg7 32.
a5 b5 33. Rb2 a6 34. Bb4 e5 35. Bc5 f5 36. Rf2 exd4 37. exd4 Bh6 38. g4 f4 39. h4 g5 40. hxg5 Bxg5 41. Rh2 h6 42. Ke4 Kc6 43. Rc2 Re8+ 44. Kf5 Kd5 45. Bb6 Rf8+ 46. Kg6 Rf6+ 47. Kh5 Rc6 48. Re2 b4 49. Re5+ Kc4 50. Re8 b3 51. Re2 Kd3 52. Rf2 Rc2 53.
Rf3+ Ke4 54. Rxb3 f3 55. Kg6 f2 56. Rb1 Rc1 57. Rxc1 Bxc1 58. d5 f1=Q 59. d6 Qf8 60. d7 Qd6+ 61. Kh5 Qxd7 0-1

[Event "*** SCC Grand Prix: Titled Tuesday Blitz"]
[Site "Chess.com"]
[Date "2020.09.08"]
[Round "4"]
[White "RamyresCoelho"]
[Black "blitzking1729"]
[Result "1/2-1/2"]
[WhiteElo "1803"]
[BlackElo "2607"]
[TimeControl "180+1"]
[EndTime "10:40:51 PDT"]
[Termination "Game drawn by repetition"]

1. e4 d6 2. d4 Nf6 3. Nc3 e5 4. dxe5 dxe5 5. Qxd8+ Kxd8 6. Nf3 Bd6 7. Bc4 Be6 8. Bxe6 fxe6 9. Ng5 Ke7 10. Be3 a6 11.
O-O-O b5 12. f3 h6 13. Nh3 Nbd7 14. Kb1 Rhb8 15. Ne2 a5 16. Nf2 b4 17. Rd2 a4 18.
Rhd1 Bc5 19. Bxc5+ Nxc5 20. Nd3 Nfd7 21. Nxc5 Nxc5 22. b3 axb3 23. cxb3 Ra5 24. Rc1 Rba8 25. Rdc2 Nxb3 26. Rxc7+ Kd8 27. R1c2 Nd2+ 28. Kc1 Rxa2 29. Kxd2 b3 30. Rc3 Rxc2+ 31. Rxc2 bxc2 32. Kxc2 Kd7 33. Nc3 Ke7 34. Kd3 g5 35. g3 Rb8 36. Nd1 Rb3+ 37.
Ke2 Ra3 38. h3 Ra2+ 39. Ke3 Rh2 40. Nf2 h5 41. Ke2 Kd6 42. Ke1 Kc5 43. Kf1 Kd4 44. Kg1 Rxf2 45. Kxf2 Kd3 46. h4 gxh4 47. gxh4 Kd2 48.
Kg2 Ke2 49. Kg3 Ke3 50. Kg2 Ke2 51. Kg3 Kd3 52. Kg2 Ke3 53. Kg3 Kd3 54. Kg2 Kd4 55. Kg3 Kd3 1/2-1/2

[Event "*** SCC Grand Prix: Titled Tuesday Blitz"]
[Site "Chess.com"]
[Date "2020.09.08"]
[Round "4"]
[White "eightbyeightchess"]
[Black "Godzillator"]
[Result "1-0"]
[WhiteElo "2440"]
[BlackElo "2256"]
[TimeControl "180+1"]
[EndTime "10:40:52 PDT"]
[Termination "eightbyeightchess won by checkmate"]

1. e4 c6 2. d4 d5 3. e5 Bf5 4. h4 h5 5. Bd3 Bxd3 6. Qxd3 e6 7. Bg5 Be7 8. Nf3 Nh6 9. O-O Nf5 10.
g3 a6 11. Nbd2 Nd7 12. c4 Nb6 13. c5 Nd7 14. Rfe1 Nf8 15. Nf1 f6 16. exf6 gxf6 17. Bd2 Qd7 18. Ne3 Nxe3 19. Rxe3 O-O-O 20. b4 Rg8 21. a4 Ng6 22. Kf1 e5 23. Qe2 Qh3+ 24. Ke1 e4 25.
Ng1 Qg2 26. Qf1 Qxf1+ 27. Kxf1 f5 28. b5 f4 29. Rb3 fxg3 30. fxg3 Bf6 31. Ne2 Rgf8 32.
Ke1 Ne7 33. Ba5 Rde8 34. bxa6 bxa6 35. Rab1 Kd7 36. Nf4 Ra8 37. Rb7+ Ke8 38. Ne6 Kf7 39. Nxf8 Rxf8 40. Bc3 Ra8 41. Rc7 Ke6 42. Rbb7 Rg8 43.
Kf2 Rf8 44. Kg2 Rg8 45. Ra7 Bxh4 46. Kh3 Bg5 47. Rxa6 Kf5 48. Raa7 Ke6 49. a5 e3 50. a6 e2 51. Bd2 Bf6 52. Rab7 Ra8 53. a7 Bxd4 54. Rb8 Rxa7 55. Rxa7 Bxc5 56. Ra1 Bf2 57. Be1 Bd4 58. Ra2 Nf5 59. Rxe2+ Kd7 60. Rb7+ Kc8 61. Rf7 Ne3 62. Bd2 Ng4 63. Re8# 1-0

[Event "*** SCC Grand Prix: Titled Tuesday Blitz"]
[Site "Chess.com"]
[Date "2020.09.08"]
[Round "4"]
[White "1977Ivan"]
[Black "Nara_Kh"]
[Result "1-0"]
[WhiteElo "2627"]
[BlackElo "2408"]
[TimeControl "180+1"]
[EndTime "10:40:53 PDT"]
[Termination "1977Ivan won by resignation"]

1. d4 d5 2. c4 c6 3. Nf3 Nf6 4. Nc3 dxc4 5. e4 b5 6. Be2 e6 7. O-O Be7 8. a4 b4 9. e5 bxc3 10. exf6 Bxf6 11. bxc3 O-O 12. Ba3 Re8 13. Bxc4 Nd7 14.
Qc2 Qa5 15. Rfe1 Qh5 16. Be2 Qg6 17. Bd3 Qh5 18. Bd6 c5 19. Be4 Ba6 20. Bxa8 Rxa8 21.
Qe4 Rc8 22. Ne5 Nxe5 23. dxe5 Bg5 24. Rab1 Bd2 25. Red1 Bxc3 26. Bxc5 Bxe5 27. f4 Bf6 28. Bd4 Qg6 29. Qxg6 hxg6 30. Bxf6 gxf6 31. Rd7 Bc4 32. Rbb7 e5 33. fxe5 fxe5 34. Rxa7 Rc5 35. Re7 Rd5 36. a5 Rd1+ 37. Kf2 Rd2+ 38. Ke1 Re2+ 39. Kd1 Rxg2 40. a6 Ra2 41. Ra8+ Kg7 42. a7 Bd5 43. Rd8 Bf3+ 44. Kc1 Rxh2 45. Rdd7 Ra2 46. Rxf7+ Kh6 47. Rxf3 e4 48.
Rf8 Kg5 49. a8=Q Rxa8 50. Rxa8 e3 51. Re8 Kf4 52. Rde7 Kg3 53. Rxe3+ Kf4 54. Re2 Kf3 55. R8e3+ Kf4 56. Kd2 Kf5 57. Kd3 Kf4 58. Kd4 Kf5 59. Re4 g5 60. Kd5 1-0

[Event "*** SCC Grand Prix: Titled Tuesday Blitz"]
[Site "Chess.com"]
[Date "2020.09.08"]
[Round "4"]
[White "ViktoriyaTarasova"]
[Black "SilviusTiberius"]
[Result "1-0"]
[WhiteElo "2233"]
[BlackElo "2476"]
[TimeControl "180+1"]
[EndTime "10:40:53 PDT"]
[Termination "ViktoriyaTarasova won on time"]

1. d4 Nf6 2. c4 g6 3. Nc3 Bg7 4. e4 d6 5. h3 O-O 6. Be3 c5 7. d5 e6 8. Bd3 a6 9. a4 Re8 10. Nf3 exd5 11. exd5 Nbd7 12. O-O Nh5 13. Qd2 Ne5 14.
Nxe5 Bxe5 15. Ne4 f5 16. Bg5 Qc7 17. Nc3 Bd7 18. Rfe1 Qa5 19. Re2 Qb4 20. a5 Kf7 21.
Qc2 Bd4 22. Kh2 Rxe2 23. Bxe2 Nf6 24. Bd3 Re8 25. Kg1 Nh5 26. Kh2 Be5+ 27. g3 Bd4 28. Kg2 Nf6 29. Bf4 Be5 30. Bxe5 dxe5 31. Be2 e4 32.
Nd1 f4 33. gxf4 e3 34. Nxe3 Ne4 35. f5 Nd6 36. fxg6+ hxg6 37. Bd3 b6 38. Bxg6+ Ke7 39. Bxe8 Nxe8 40. Qe4+ Kd8 41. Qh4+ Kc7 42. Qf4+ Nd6 43.
axb6+ Qxb6 44. Rc1 Qxb2 45. Ng4 Qg7 46. Kh2 Bxg4 47.
hxg4 Qh7+ 48. Kg2 Qd3 49. Re1 Kd7 50. Re5 Nxc4 51. Rg5 Kc8 52. Qf6 Kb7 53. Qf5 Kb6 54.
Rg6+ 1-0

[Event "*** SCC Grand Prix: Titled Tuesday Blitz"]
[Site "Chess.com"]
[Date "2020.09.08"]
[Round "4"]
[White "Funo09"]
[Black "m_ezat"]
[Result "1-0"]
[WhiteElo "2849"]
[BlackElo "2586"]
[TimeControl "180+1"]
[EndTime "10:40:54 PDT"]
[Termination "Funo09 won by resignation"]

1. e4 c6 2. Nc3 d5 3. Nf3 Bg4 4. h3 Bxf3 5. gxf3 e5 6. exd5 cxd5 7. d4 Nc6 8. Bb5 exd4 9. Qxd4 Nf6 10. Bg5 Be7 11.
Rg1 O-O 12. Bxc6 bxc6 13. Bh6 g6 14. Bxf8 Qxf8 15. O-O-O Rb8 16. Rge1 Nh5 17. Qxa7 Bg5+ 18. Re3 Qb4 19. b3 Re8 20. Kb2 Bxe3 21. fxe3 Ng3 22.
Qd4 Qa5 23. e4 dxe4 24. fxe4 Qh5 25. Rd3 Ne2 26. Qd7 Re6 27. a4 Qe5 28. a5 Nxc3 29. Rxc3 Qxa5 30. Rxc6 Rf6 31. Qc8+ Kg7 32. Rxf6 Qe5+ 33.
Qc3 Kxf6 34. b4 Ke6 35. Qxe5+ Kxe5 36. b5 Kd6 37. c4 Kc5 38. Kc3 h5 39. Kd3 g5 40.
Ke3 f6 41. Kf3 Kb6 42. Ke3 Kc5 43. Kd3 Kb6 44. Kd4 Kc7 45. c5 Kb7 46. c6+ Kc7 47. Ke3 Kb6 48. Kd4 Kc7 49. Kc5 g4 50. b6+ Kc8 51. c7 Kb7 52. Kd6 g3 53. Kd7 g2 54.
c8=Q+ Kxb6 55. Qc6+ Ka5 56. Qc5+ Ka4 57. Qg1 f5 58. Qxg2 fxe4 59. Qxe4+ Kb3 60. Qh4 Kc3 61. Qxh5 Kd3 62. Qf5+ 1-0